 Dungeon Crawl Stone Soup version 0.30-a0-1018-g25214051b3 (webtiles) character file.

Game seed: 888622807670254554

18 puppykicker the Shooter (level 2, -2/18 HPs)
             Began as an Octopode Hexslinger on Apr 7, 2023.
             Slain by a quokka (5 damage)
             ... on level 1 of the Dungeon.
             The game lasted 00:01:36 (654 turns).

puppykicker the Shooter (Octopode Hexslinger)        Turns: 654, Time: 00:01:36

Health: -2/18      AC:  1    Str:  9    XL:     2   Next: 70%
Magic:  3/3        EV: 13    Int: 15    God:
Gold:   17         SH:  0    Dex: 12    Spells: 2/3 levels left

rFire   . . .      SeeInvis .    a - +1 sling
rCold   . . .      Faith    .    (no shield)
rNeg    . . .      Spirit   .    (helmet restricted)
rPois   .          Reflect  .    (no amulet)
rElec   .          Rampage  .    (no ring)
rCorr   .                        (no ring)
Will    .....                    (no ring)
Stlth   ++                       (no ring)
HPRegen 0.23/turn                (no ring)
MPRegen 0.08/turn                (no ring)
                                 (no ring)
                                 (no ring)

@: no status effects
A: almost no armour, amphibious, 8 rings, camouflage 1, gelatinous body 1,
(nimble swimmer 1), tentacles
a: no special abilities


You were on level 1 of the Dungeon.
You visited 1 branch of the dungeon, and saw 1 of its levels.

You collected 17 gold pieces.

Inventory:

Hand Weapons
 a - a +1 sling (weapon)
Jewellery
 c - an amulet of faith {Faith, !P}
Scrolls
 b - a scroll of poison {!r}
 g - a scroll of noise {unknown}
 h - 2 scrolls of identify {unknown}
Potions
 d - a potion of cancellation {unknown}
 e - 2 potions of curing {unknown}
 f - a potion of heal wounds {unknown}


   Skills:
 - Level 1.0 Fighting
 + Level 3.2 Ranged Weapons
 - Level 2.0 Dodging
 - Level 1.0 Spellcasting
 - Level 3.0 Hexes


You had 2 spell levels left.
You knew the following spells:

 Your Spells              Type           Power      Damage    Failure   Level
s - Slow                  Hex            36%        N/A       7%          1

Your spell library contained the following spells:

 Spells                   Type           Power      Damage    Failure   Level
 Kiss of Death            Conj/Necr      0%         2d5       24%         1
 Summon Small Mammal      Summ           0%         N/A       24%         1
 Confusing Touch          Hex            9%         N/A       22%         3
 Inner Flame              Hex/Fire       5%         N/A       36%         3
 Portal Projectile        Hex/Tloc       10%        N/A       36%         3
 Summon Guardian Golem    Hex/Summ       5%         N/A       36%         3
 Cause Fear               Hex            4%         N/A       56%         4
 Call Canine Familiar     Summ           0%         N/A       58%         3
 Dispel Undead            Necr           0%         3d6       94%         4


Dungeon Overview and Level Annotations

Branches:
Dungeon (1/15)

Altars:


Innate Abilities, Weirdness & Mutations

You cannot wear most types of armour.
You are amphibious.
You can wear up to eight rings at the same time.
Your skin changes colour to match your surroundings (Stealth+).
Your rubbery body absorbs attacks. (AC +1, EV +1)
((You are camouflaged when in or above water. (Stealth+)))
You have tentacles for arms and can constrict up to eight enemies at once.


Message History

* * * LOW HITPOINT WARNING * * *
You take 9 damage, and have 9/18 hp.
MASSIVE DAMAGE!!
You shoot a sling bullet.
The sling bullet hits the quokka but does no damage.
The quokka closely misses you.
You shoot a sling bullet.
The sling bullet closely misses the quokka.
The quokka bites you.
* * * LOW HITPOINT WARNING * * *
The quokka bites you but does no damage.
You take 3 damage, and have 6/18 hp.
You are too injured to fight recklessly!
You are too injured to fight recklessly!
You are too injured to fight recklessly!
Fire: a) +1 sling
Press: ? - help, Q - select action Shift-Dir - straight line, f/p - quokka
Aim: a quokka (almost dead, 43% to hit)
You shoot a sling bullet.
The sling bullet barely misses the quokka.
The quokka closely misses you.
Fire: a) +1 sling
Press: ? - help, Q - select action Shift-Dir - straight line, f/p - quokka
Aim: a quokka (almost dead, 43% to hit)
You shoot a sling bullet.
The sling bullet closely misses the quokka.
The quokka closely misses you.
The quokka twitches its whiskers.
The quokka bites you.
* * * LOW HITPOINT WARNING * * *
You take 4 damage, and have 2/18 hp.
MASSIVE DAMAGE!!
Fire: a) +1 sling
Press: ? - help, Q - select action Shift-Dir - straight line, f/p - quokka
Aim: a quokka (severely wounded, 43% to hit)
You shoot a sling bullet.
The sling bullet closely misses the quokka.
The quokka twitches its whiskers.
The quokka bites you.
You die...

.# #.# ##.## # .# #.# #.# #
.# #.# #.# ##### .# #.# #+#
#.... .# #.## ?.. #.### .#
#..## .... #.### .# ##..##
).... #....
.##########...####.....?
##.#..
................@r..>...
+.....
.######.###...#.##......
##.#.. .# #........#.# .....
#.... .# #..###.#.#.# ....
#.### ## #..##..#.#.## ...
##.# # #..##.##.#..## +#
##..###
#..##.##.#..~♣♣♣♣♣♣♣♣♣~.....
#...(......~~♣≈≈≈≈≈≈♣♣~~####
#####.#####♣≈~~~~~~~~~♣♣# #


You could see a quokka.

Levels and vault maps discovered:
D:1:      reono_arrival_forest_river, layout_loops_corners

Notes
Turn   | Place    | Note
-------+----------+-------------------------------------------
     0 | D:1      | puppykicker the Octopode Hexslinger began the quest for the
                  | Orb.
     0 | D:1      | Reached XP level 1. HP: 13/13 MP: 2/2
   104 | D:1      | Identified an amulet of faith
   190 | D:1      | Identified a +0 club
   217 | D:1      | Identified a +0 club
   219 | D:1      | Identified a +0 club
   240 | D:1      | Identified a +0 club
   248 | D:1      | Reached XP level 2. HP: 10/18 MP: 3/3
   341 | D:1      | Identified a +0 scale mail
   386 | D:1      | Identified a +0 club
   388 | D:1      | Reached skill level 3 in Ranged Weapons
   404 | D:1      | Identified a +0 long sword
   437 | D:1      | Identified a +0 short sword
   481 | D:1      | Identified a +0 dagger
   497 | D:1      | Identified a +0 ring mail
   653 | D:1      | HP: 2/18 [quokka (4)]
   654 | D:1      | Slain by a quokka

Table legend: (Time is in decaauts)
 A = Elapsed time spent in this place.
 B = Non-inter-level travel time spent in this place.
 C = Inter-level travel time spent in this place.
 D = Time resting spent in this place.
 E = Time spent auto-exploring this place.
 F = Levels seen in this place.
 G = Mean time per level.
                   A        B        C        D        E       F      G
               +--------+--------+--------+--------+--------+-----+--------+
         Total |    666 |    666 |      0 |     31 |    552 |   1 |  666.0 |
       Dungeon |    666 |    666 |      0 |     31 |    552 |   1 |  666.0 |
               +--------+--------+--------+--------+--------+-----+--------+

Top non-repeatable levels by time:
     D:1: 666 daAuts

Table legend:
 A = Kills in this place as a percentage of kills in the entire game.
 B = Kills by you in this place as a percentage of kills by you in the entire game.
 C = Kills by friends in this place as a percentage of kills by friends in the entire game.
 D = Other kills in this place as a percentage of other kills in the entire game.
 E = Experience gained in this place as a percentage of experience gained in the entire game.
 F = Experience gained in this place divided by the number of levels of this place that you have seen.
                   A       B       C       D       E      F
               +-------+-------+-------+-------+-------+----------------------
         Total | 100.0 | 100.0 |   N/A |   N/A | 100.0 |  27.0
       Dungeon | 100.0 | 100.0 |   N/A |   N/A | 100.0 |  27.0
               +-------+-------+-------+-------+-------+----------------------

Skill      XL: |  1  2 |
---------------+-------+-----
Ranged Weapons | 3 |  3.2
Fighting       | |  1.0
Dodging        | |  2.0
Spellcasting   | |  1.0
Hexes          | |  3.0

Action                     || total
---------------------------++-------
   Fire: Sling             ||    47
 Armour: Skin              ||     1
  Dodge: Dodged            ||     7

Vanquished Creatures
  2 dart slugs (D:1)
  An endoplasm (D:1)
  A giant cockroach (D:1)
  4 goblins (D:1)
  A hobgoblin (D:1)
  2 bats (D:1)
  2 frilled lizards (D:1)
  A kobold (D:1)
  A rat (D:1)
15 creatures vanquished.
